Amaranta III, neutral female human Wizard ------- --..--.------ |...........| ---- --..........-- ---- --*.--- ---.........| | |..| |.....| ----- ---- ---...|.--- |.--..-- |<)(.[-- --...-- |..-- ---.----- |......| |......----.....----...--- --...| | |....----....).)................---..--- |.|.........*..).......................------ |...|...*----.............................@h| ---.|...-- --................%....%.....--@- |.....| |............................|ED. ---.--- |...........................----... ---..---|..............................- .... --......|--.--........--.................| -..- |.......---- ---....-----.|.--..........-- --- |..---...| --.--- --------.|....--- --- ----- --- ----.--- --- Amaranta III the Thaumaturge Experience level: 6 Strength: 12 Dexterity: 12 Constitution: 15 Intelligence: 16 Wisdom: 10 Charisma: 12 Health: 0(48) Energy: 14(65) Def: 4 Gold: 0 Moves: 2130 Dungeon seed: EX4quHuyaBgp0LHk Game ID: Amaranta III_1442662061 Your Inventory: Amulets A - a cursed amulet of change S - a cursed amulet of restful sleep Weapons a - a blessed +1 quarterstaff (weapon in hands) Armor e - an uncursed +0 cloak of magic resistance (being worn) q - an uncursed +0 studded leather armor (being worn) Comestibles p - an uncursed sprig of wolfsbane x - an uncursed fortune cookie F - an uncursed lembas wafer L - an uncursed carrot Potions f - a blessed potion of sleeping z - a cursed potion of paralysis C - an uncursed potion of levitation D - 3 cursed potions of sleeping J - 2 cursed potions of extra healing K - 2 cursed potions of healing Rings c - an uncursed ring of invisibility d - an uncursed ring of sustain ability I - an uncursed ring of warning M - an uncursed ring of protection from shape changers Q - an uncursed ring of stealth V - an uncursed ring of free action Wands b - a wand of digging (0:5) s - a wand of cancellation (0:4) w - a wand of enlightenment (0:14) G - a wand of magic missile (0:2) N - a wand of striking (0:3) O - a cursed wand of nothing (0:6) R - a cursed wand of sleep (0:6) X - a cursed wand of enlightenment (0:11) Z - a wand of striking (0:3) Tools o - a magic marker (0:32) P - an uncursed skeleton key T - an uncursed tallow candle (0:200) U - an uncursed wax candle (0:400) Spells and supernatural/magical abilities: Name Level Category Fail Memory a - force bolt 1 attack 0% 90% m - magic missile 2 attack 0% 90% u - confuse monster 2 enchantment 0% 90% W - pray for help -- divine ? -- Your skills at the end: Fighting Skills Weapon Skills quarterstaff [Skilled] Spellcasting Skills attack spells [Basic] enchantment spells [Basic] Final Attributes: You were devoutly aligned. You were magic-protected. You saw invisible. You are dead. Vanquished creatures: a ghost a leprechaun a bugbear an imp 2 shriekers a gnome lord a floating eye 3 dwarves a rothe a giant bat 2 dwarf zombies 2 killer bees 2 gas spores 2 hobbits a hobgoblin 3 giant rats 2 cave spiders a yellow mold 5 gnomes 5 manes a kobold a goblin 4 grid bugs 3 lichens 8 newts 55 creatures vanquished. Voluntary challenges: You used a wielded weapon 64 times, starting on turn 81. You read items or engraved 3 times, starting on turn 139. You never genocided any monsters. You never polymorphed an object. You never changed form. You used no wishes. You never split a pudding. You never wrote Elbereth's name. You never violated your personal moral code. You abstained from Elbereth's help. Dungeon overview: The Dungeons of Doom: levels 1 to 4 Level 1 an altar to Thoth, a fountain a long staircase Level 2 an altar to Ptah, a fountain Level 3 stairs to The Gnomish Mines Level 4 some fountains The Gnomish Mines: levels 4 to 6 Level 4 stairs to The Dungeons of Doom Level 5 Level 6 <- You were here History has recorded: On T:1 you entered the Dungeons of Doom to retrieve the Amulet of Yendor! On T:356 you advanced to experience level 2. On T:398 you reached level 2 of The Dungeons of Doom. On T:624 you reached level 3 of The Dungeons of Doom. On T:962 you reached level 4 of The Dungeons of Doom. On T:967 you advanced to experience level 3. On T:1182 you advanced to experience level 4. On T:1595 you reached level 1 of The Gnomish Mines. On T:1642 you advanced to experience level 5. On T:1892 you reached level 2 of The Gnomish Mines. On T:1908 you reached level 3 of The Gnomish Mines. On T:2055 you advanced to experience level 6. Score breakdown: Gold: 0 ( 0 points) Experience: 6 levels ( 500 points) Exploration: 6 levels ( 150 points) Discoveries: 9 items ( 450 points) Variety of kills: 25 monsters ( 1250 points) Major goal: (nothing yet) ( 0 points) Survival: died (score multiplied by 3) Total score: 7050 Latest messages: The invisible stalker turns to flee! You hear a wolf howling at the moon. There are many more objects here. Your movements are slowed slightly because of your load. The magic missile hits the Elvenking! The magic missile bounces! The invisible stalker turns to flee! The Elvenking swings his runed broadsword. The Elvenking hits! The Elvenking swings his runed broadsword. The Elvenking hits! You die... Final status: Goodbye Amaranta III the Wizard, killed by an Elvenking... You died in The Gnomish Mines on dungeon level 6 with 7050 points, and 0 pieces of gold, after 2130 moves. You were level 6 with a maximum of 48 hit points when you died.